 Dungeon Crawl Stone Soup version 0.22-a0-49-g614aadd (webtiles) character file.

4648 gmonis the Arsonist (level 10, 0/69 HPs)
             Began as a Yellow Draconian Fire Elementalist on Jan 8, 2018.
             Slain by an acid dragon (5 damage)
             ... on level 8 of the Dungeon.
             The game lasted 00:38:03 (11555 turns).

gmonis the Arsonist (DrFE)                         Turns: 11555, Time: 00:38:04

Health: 0/69       AC:  3    Str: 10    XL:     10   Next: 20%
Magic:  20/20      EV:  2    Int: 21    God:
Gold:   372        SH:  0    Dex: 12    Spells: 14/22 levels left

rFire    . . .     SeeInvis +   G - +4 quarterstaff (chaos)
rCold    . . .     Gourm    .   (shield currently unavailable)
rNeg     + + +     Faith    .   (armour unavailable)
rPois    ∞         Spirit   .   x - +2 hat of Makhleb's Hatred {+Fly Int+2 SInv Stlth-}
rElec    .         Reflect  .   A - +0 cloak (curse)
rCorr    +         Harm     .   (no gloves)
MR       .....                  E - +0 pair of boots
Stlth    +.........             h - amulet of magic regeneration
HPRegen  0.21/turn              (no ring)
MPRegen  0.42/turn              (no ring)

@: petrified, corroded
A: spit acid, acid resistance, unfitting armour, cold-blooded, AC +7
a: Breathe Acid, Evoke Flight


You were on level 8 of the Dungeon.
You were not hungry.

You visited 1 branch of the dungeon, and saw 9 of its levels.
You also visited: Sewer.

You collected 372 gold pieces.

Inventory:

Hand Weapons
 G - a +4 quarterstaff of chaos (weapon)
Missiles
 g - 300 stones (quivered)
Armour
 x - the +2 hat of Makhleb's Hatred (worn) {+Fly Int+2 SInv Stlth-}
   (You found it on level 5 of the Dungeon)

   It affects your intelligence (+2).
   It lets you see invisible.
   It lets you fly.
   It makes you less stealthy.
 A - a cursed +0 cloak (worn)
 E - a +0 pair of boots (worn)
Jewellery
 h - an amulet of magic regeneration (around neck)
 m - an uncursed ring of flight {unknown}
 t - an uncursed ring of magical power {unknown}
 D - a +2 ring of intelligence {unknown}
Wands
 v - a wand of paralysis (18)
 C - a wand of scattershot (4)
 F - a wand of iceblast (11)
Scrolls
 d - 2 scrolls of enchant weapon {unknown}
 e - 6 scrolls of teleportation {unknown}
 f - 4 scrolls of remove curse {unknown}
 i - 11 scrolls of identify {unknown}
 j - 3 scrolls of immolation {unknown}
 o - 5 scrolls of magic mapping {unknown}
 q - a scroll of fear {unknown}
 r - a scroll of blinking {unknown}
 u - 2 scrolls of fog {unknown}
 w - a scroll of enchant armour {unknown}
 y - a scroll of amnesia {unknown}
Potions
 c - a potion of cancellation {unknown}
 k - 7 potions of might {unknown}
 l - a potion of brilliance {unknown}
 n - 6 potions of curing
 p - 2 potions of berserk rage {unknown}
 s - 2 potions of lignification {unknown}
 z - 2 potions of heal wounds {unknown}
 B - a potion of ambrosia {unknown}
 I - a potion of flight {unknown}
Books
 a - a book of Flames

   Spells                             Type                      Level
   a - Flame Tongue                   Conjuration/Fire             1
   b - Throw Flame                    Conjuration/Fire             2
   c - Conjure Flame                  Conjuration/Fire             3
   d - Inner Flame                    Hexes/Fire                   3
   e - Sticky Flame                   Conjuration/Fire             4
   f - Fireball                       Conjuration/Fire             5
 H - the Grimoire of Harmful Earth
   (You found it on level 8 of the Dungeon)

   Spells                             Type                      Level
   a - Shock                          Conjuration/Air              1
   b - Stone Arrow                    Conjuration/Earth            3
   c - Iskenderun's Mystic Blast      Conjuration                  4
   d - Freezing Cloud                 Conjuration/Ice/Air          6
Comestibles
 b - 9 rations


   Skills:
 - Level 1.7 Dodging
 - Level 1.7 Stealth
 + Level 6.9 Spellcasting
 * Level 9.4 Conjurations
 * Level 9.7 Fire Magic


You had 14 spell levels left.
You knew the following spells:

 Your Spells              Type           Power        Failure   Level  Hunger
a - Flame Tongue          Conj/Fire      #####        1%          1    None
b - Conjure Flame         Conj/Fire      #####...     1%          3    #......
c - Sticky Flame          Conj/Fire      #####...     1%          4    ###....


Dungeon Overview and Level Annotations

Branches:
Dungeon (9/15)             Temple (0/1) D:6            Lair (0/6) D:8
    Orc: D:9-12

Altars:
Elyvilon
Okawaru
Sif Muna
Vehumet

Shops:
D:7 (

Annotations:
D:3 Grinder
D:8 gmonis's ghost, novice MiBe


Innate Abilities, Weirdness & Mutations

You can spit globs of acid.
You are resistant to acid.
Your golden yellow scales are hard. (AC +7)
You cannot fit into any form of body armour.
You are cold-blooded and may be slowed by cold attacks.


Message History

Your limbs are stiffening.
The acid dragon spits acid at you. The splash of acid hits you! You resist.
You are splashed with acid!
The acid burns!
You resist.
You have turned to stone.
The acid dragon bites you. The acid dragon claws you. The basilisk bites you!
* * * LOW HITPOINT WARNING * * *
The acid dragon bites you!
* * * LOW HITPOINT WARNING * * *
The acid dragon claws you.
* * * LOW HITPOINT WARNING * * *
The basilisk bites you.
* * * LOW HITPOINT WARNING * * *
The acid dragon bites you!
* * * LOW HITPOINT WARNING * * *
The acid dragon claws you but does no damage.
The basilisk bites you!
* * * LOW HITPOINT WARNING * * *
The acid dragon bites you!
You die...

#..........###.W....).).......
#.##.......# #########........
#.##.......# #........
############ #........ ## ####
######### ##>
###..############ #...
###.#.###.........###
#...###.##...l....###.....#
#.#...#.......D@.###
####..#### ............#.####
###...## ....#.....##.#####
####.. #....#...####....##
#.## .#.#...### ####..## ### #
##.# #...# ## #####


You could see a basilisk and an acid dragon.

Vanquished Creatures
  A centaur skeleton (D:8)
  A komodo dragon (D:8)
  Prince Ribbit (D:7)
  A spriggan (D:7)
  5 wyverns (D:8)
  Menkaure (D:7)
  Edmund (D:6)
  An ice beast (D:5)
  2 orc warriors
  2 sky beasts
  2 phantoms
  2 ogres
  A necrophage (D:7)
  5 centaurs
  A bullfrog (D:6)
  A big kobold (Sewer)
  2 water moccasin skeletons
  2 scorpions (D:4)
  7 killer bees
  A howler monkey (D:6)
  A crimson imp (D:8)
  A centaur zombie (D:6)
  2 hounds
  2 orc priests
  A jelly (D:8)
  Crazy Yiuf (D:7)
  A gnoll shaman (D:5)
  An orc wizard (D:6)
  A bullfrog skeleton (D:7)
  4 worker ants
  A hound skeleton (D:5)
  A howler monkey zombie (D:8)
  12 gnolls
  13 adders
  A river rat (Sewer)
  2 oozes (D:1)
  2 adder zombies (D:8)
  9 worms
  19 orcs
  2 ball pythons (Sewer)
  7 giant cockroaches
  13 goblins
  12 hobgoblins
  5 jackals
  16 kobolds
  4 quokkas
  5 bats
  4 frilled lizards
  A jackal skeleton (D:4)
  A leopard gecko skeleton (D:4)
  A leopard gecko zombie (D:7)
  A quokka skeleton (D:5)
  A quokka zombie (D:8)
  10 rats
198 creatures vanquished.

Notes
Turn   | Place    | Note
-------+----------+-------------------------------------------
     0 | D:1      | gmonis the Draconian Fire Elementalist began the quest for the Orb.
     0 | D:1      | Reached XP level 1. HP: 14/14 MP: 3/3
   401 | D:1      | Reached XP level 2. HP: 20/20 MP: 0/5
  1443 | D:1      | Reached XP level 3. HP: 25/26 MP: 3/6
  1641 | D:2      | Found a white marble altar of Elyvilon.
  1862 | D:2      | Found a deep blue altar of Sif Muna.
  1865 | D:2      | Found a white marble altar of Elyvilon.
  1866 | D:2      | Found an iron altar of Okawaru.
  2298 | D:3      | Learned a level 3 spell: Conjure Flame
  2314 | D:3      | Reached XP level 4. HP: 33/33 MP: 4/7
  2618 | D:3      | Noticed Grinder
  2648 | D:3      | Paralysed by Grinder for 7 turns
  2982 | D:3      | Noticed a centaur
  2987 | D:3      | Killed a centaur
  2987 | D:3      | Reached XP level 5. HP: 4/38 MP: 0/9
  3364 | D:3      | Paralysed by Grinder for 6 turns
  3680 | D:4      | Reached skill level 5 in Fire Magic
  3812 | D:4      | Reached XP level 6. HP: 41/45 MP: 1/10
  3972 | D:4      | Found a glowing drain.
  3981 | Sewer    | Entered a sewer
  4585 | D:5      | Entered Level 5 of the Dungeon
  4801 | D:5      | Your scales start taking on a golden yellow colour.
  4801 | D:5      | Reached XP level 7. HP: 42/50 MP: 5/12
  4861 | D:5      | Learned a level 4 spell: Sticky Flame
  5241 | D:5      | Reached skill level 5 in Conjurations
  5327 | D:5      | Got a bloodstained hat
  5333 | D:5      | Identified the +2 hat of Makhleb's Hatred {+Fly Int+2 SInv Stlth-} (You found it on level 5 of the Dungeon)
  6085 | D:6      | Found a staircase to the Ecumenical Temple.
  6123 | D:6      | Reached XP level 8. HP: 49/57 MP: 7/14
  6309 | D:6      | Noticed Edmund
  6324 | D:6      | Killed Edmund
  6632 | D:6      | Found a radiant altar of Vehumet.
  6743 | D:6      | Reached skill level 5 in Spellcasting
  7342 | D:7      | Noticed Prince Ribbit
  7352 | D:7      | Killed Prince Ribbit
  7515 | D:7      | Noticed Menkaure
  7522 | D:7      | Killed Menkaure
  7771 | D:7      | Reached XP level 9. HP: 62/62 MP: 11/17
  8218 | D:7      | Found Vunuut's Antique Weapon Boutique.
  8338 | D:7      | Found a runed door.
  8422 | D:7      | Noticed Crazy Yiuf
  8428 | D:7      | Killed Crazy Yiuf
  9121 | D:8      | Noticed gmonis's ghost (novice MiBe)
  9360 | D:8      | Identified the Grimoire of Harmful Earth
 10187 | D:8      | Reached XP level 10. HP: 17/69 MP: 2/19
 11529 | D:8      | Found a staircase to the Lair.
 11555 | D:8      | Slain by an acid dragon

Vault maps used:
D:1:      onia_arrival_pentagram, minivault_27
D:2:      minitemple, first_ration, minmay_misc_feat_tower, grunt_ministairs_11,
          elyvilon_altar_3
D:3:      kennysheep_big_empty_room, uniq_grinder, uniq_robin
D:4:      kennysheep_the_goblin_king, cheibrodos_sewer_entry_bend
D:6:      vehumet_crystals, temple_pool_b, grunt_decor_fettered, uniq_edmund
D:7:      serial_shops, nicolae_shop_stone, the_bakery, uniq_prince_ribbit1,
          uniq_crazy_yiuf_cottage, uniq_menkaure
D:8:      cheibrodos_elevator_heist, erik_lair_dragon,
          kennysheep_generic_room_14
D:9:      serial_shops, shop
Sewer:    sewer_co_15_rooms

Skill      XL: |  1  2  3  4  5  6  7  8  9 |
---------------+----------------------------+-----
Fire Magic     | 4 5 6 7 9 |  9.7
Conjurations   | 2 3 4 5 7 9 |  9.4
Spellcasting   | 3 4 5 6 |  6.9
Dodging        | |  1.7
Stealth        | |  1.7

Action                   |  1- 3 |  4- 6 |  7- 9 | 10-12 || total
-------------------------+-------+-------+-------+-------++-------
Melee: Unarmed           |     1 |     5 |       |       ||     6
       Tailslap          |     1 |     2 |     3 |       ||     6
       Quarterstaff      |       |       |    20 |    13 ||    33
 Cast: Flame Tongue      |    77 |   127 |   205 |     6 ||   415
       Conjure Flame     |       |     3 |     9 |     5 ||    17
       Sticky Flame      |       |       |    51 |    11 ||    62
 Abil: Breathe Acid      |       |       |     1 |     1 ||     2
 Stab: Paralysed         |       |       |     1 |       ||     1
  Eat: Chunk             |     5 |     5 |    13 |     1 ||    24
       Ration            |       |     1 |     3 |     2 ||     6
Armor: Skin              |     7 |    18 |    52 |     9 ||    86
Dodge: Dodged            |    24 |    45 |    97 |    35 ||   201

Table legend:
 A = Spawn XP
 B = Non-spawn XP
 C = Spawn XP percentage of total XP
 D = Spawn monster count
 E = Non-spawn monster count
 F = Spawn count percentage of total count
 G = Total turns spent on level
                    A         B        C        D         E        F      G
               +---------+---------+-------+---------+---------+-------+---------
         Total |       0 |    6640 |   0.0 |       0 |     198 |   0.0 | 11555
               +---------+---------+-------+---------+---------+-------+---------
           D:1 |       0 |      57 |   0.0 |       0 |      22 |   0.0 |  1416
           D:2 |       0 |      25 |   0.0 |       0 |      14 |   0.0 |  1149
           D:3 |       0 |     181 |   0.0 |       0 |      24 |   0.0 |   822
           D:4 |       0 |     205 |   0.0 |       0 |      18 |   0.0 |   968
           D:5 |       0 |     710 |   0.0 |       0 |      17 |   0.0 |  1294
           D:6 |       0 |     754 |   0.0 |       0 |      32 |   0.0 |  1246
           D:7 |       0 |    1419 |   0.0 |       0 |      22 |   0.0 |  2189
           D:8 |       0 |    2958 |   0.0 |       0 |      30 |   0.0 |  1862
           D:9 |       0 |     181 |   0.0 |       0 |       3 |   0.0 |   173
         Sewer |       0 |     150 |   0.0 |       0 |      16 |   0.0 |   436
               +---------+---------+-------+---------+---------+-------+---------
